Description

ShowTime semifinal

Build Order

Get SALT Encoding   

  14  0:18  Pylon  
  16  0:39  Gateway  
  17  0:47  Assimilator  
  18  0:55  Assimilator  
  19  1:09  Gateway  
  21  1:27  Cybernetics Core  
  22  1:38  Pylon  
  24  2:07  Sentry, Stalker  
  28  2:14  Pylon  
  28  2:33  Stargate  
  28  2:48  Nexus  
  28  2:57  Stalker  
  30  3:03  Stalker  
  32  3:21  Phoenix  
  36  3:40  Pylon  
  36  3:48  Phoenix  
  39  3:53  Pylon  
  40  4:05  Robotics Facility  
  45  4:27  Phoenix  
Spawning Tool Build Advisor. Get it on Overwolf

Go to:

Details

  • Created by: JuneSPB
  • Published on: Feb 03, 2018
  • Modified on: Feb 03, 2018
  • Patch: 4.0.0
Show
View Real Time Build Order
Export as new Build Order

Comments (0)

There are no comments. Be the first!

Create an account to comment!